 Dungeon Crawl Stone Soup version 0.28.0 (webtiles) character file.

Game seed: 15070634161339846881

563 themarg the Caller (level 7, -2/48 HPs)
             Began as a Merfolk Summoner on Feb 14, 2022.
             Slain by an ice beast (9 damage)
             ... on level 5 of the Dungeon.
             The game lasted 00:24:13 (5757 turns).

themarg the Caller (Merfolk Summoner)               Turns: 5757, Time: 00:24:14

Health: -2/48      AC:  5    Str:  9    XL:     7   Next: 32%
Magic:  26/31      EV: 13    Int: 16    God:
Gold:   134        SH:  0    Dex: 14    Spells: 3/14 levels left

rFire   . . .      SeeInvis .   f - +0 spear
rCold   . . .      Faith    .   (no shield)
rNeg    . . .      Spirit   .   a - +0 robe
rPois   .          Reflect  .   (no helmet)
rElec   .          Harm     .   (no cloak)
rCorr   .          Rampage  .   (no gloves)
Will    .....                   g - +2 pair of boots
Stlth   +++.......              (no amulet)
HPRegen 0.16/turn               o - ring of magical power
MPRegen 0.22/turn               p - ring of magical power

@: no status effects
A: (nimble swimmer 2), mertail
a: no special abilities


You were on level 5 of the Dungeon.
You visited 1 branch of the dungeon, and saw 5 of its levels.

You collected 134 gold pieces.

Inventory:

Hand Weapons
 f - a +0 spear (weapon)
 s - the +1 dagger of the Chopping Seeker {speed, rC+ rN+ Dex+6}
   (You found it on level 3 of the Dungeon)

   Attacks with this weapon are significantly faster.
   Dex:       It affects your dexterity (+6).
   rC:        It protects you from cold.
   rN:        It protects you from negative energy.
Armour
 a - a +0 robe (worn)
 g - a +2 pair of boots (worn)
Jewellery
 o - a ring of magical power (left hand)
 p - a ring of magical power (right hand)
Scrolls
 d - a scroll of enchant armour
 h - a scroll of silence {unknown}
 k - a scroll of amnesia {unknown}
 l - 3 scrolls of magic mapping
 m - a scroll of teleportation
 n - a scroll of noise {unknown}
 q - a scroll of immolation {unknown}
 r - a scroll of fog {unknown}
 t - 2 scrolls of identify {unknown}
 u - a scroll of enchant weapon {unknown}
Potions
 b - a potion of heal wounds {unknown}
 c - 3 potions of curing
 e - 2 potions of haste {unknown}
 i - a potion of invisibility {unknown}
 j - 3 potions of attraction {unknown}


   Skills:
 + Level 1.2 Fighting
 + Level 2.1 Short Blades
 + Level 2.5 Polearms
 + Level 3.8 Dodging
 + Level 4.0 Stealth
 + Level 4.3 Spellcasting
 + Level 0.6 Hexes
 + Level 5.4 Summonings


You had 3 spell levels left.
You knew the following spells:

 Your Spells              Type           Power      Damage    Failure   Level
a - Summon Small Mammal   Summ           84%        N/A       1%          1
b - Call Canine Familiar  Summ           21%        N/A       5%          3
c - Summon Guardian Gole  Hex/Summ       13%        N/A       14%         3
d - Summon Lightning Spi  Summ/Air       12%        N/A       47%         4

Your spell library contained the following spells:

 Spells                   Type           Power      Damage    Failure   Level
 Call Imp                 Summ           21%        N/A       2%          2
 Freeze                   Ice            12%        1d4       16%         1
 Frozen Ramparts          Ice            6%         1d2       43%         3
 Hailstorm                Conj/Ice       3%         3d3       85%         4


Dungeon Overview and Level Annotations

Branches:
Dungeon (5/15)
 Temple: D:4-7

Altars:
Dithmenos
Ru
Yredelemnul

Shops:
D:1 =

Annotations:
D:3 exclusion: downstairs
D:4 exclusion: downstairs
D:5 Eustachio


Innate Abilities, Weirdness & Mutations

((You are very nimble when in or above water. (Stealth+, EV+, Speed+++)))
Your lower body shifts to a powerful aquatic tail in water.


Message History

Confirm with . or Enter, or press ? or * to list all spells.
The ice beast closely misses you.
Casting: Call Canine Familiar (dangerous; 5% risk of failure)
Confirm with . or Enter, or press ? or * to list all spells.
A guardian golem appears, shielding your allies.
The ice beast hits you but does no damage.
What are your orders? t - Shout!
Orders for allies: a - Attack new target. r - Retreat! s - Stop attacking. g - Guard the area. f - Follow me.
Anything else - Cancel.
Gang up on whom?
Press: ? - help, Dir - move target, f - ice beast
Aim: an ice beast (ally target) Attack!
Your hound bites the ice beast.
The ice beast hits you. The ice beast freezes you!
Your hound bites the ice beast but does no damage.
You hit the ice beast but do no damage.
Your hound bites the ice beast but does no damage.
The ice beast misses you.
You hit the ice beast but do no damage.
Your hound bites the ice beast.
The ice beast barely misses you.
Your hound completely misses the ice beast.
You closely miss the ice beast.
The ice beast is lightly wounded.
Your hound bites the ice beast.
The ice beast hits your hound. The ice beast freezes your hound!
You barely miss the ice beast.
The ice beast is lightly wounded.
Your hound barely misses the ice beast.
The ice beast hits you. The ice beast freezes you!
* * * LOW HITPOINT WARNING * * *
Your hound bites the ice beast but does no damage.
You closely miss the ice beast.
The ice beast is lightly wounded.
Your hound bites the ice beast.
The ice beast hits you.
* * * LOW HITPOINT WARNING * * *
The ice beast freezes you!
You die...

###...##.
#.......
#.......
...?... .
#....#
...#../.#
....?.9.##
#Y@.#
.......h.......
...##....######
. #.#.## #...#
###.# #.. #..


You could see an ice beast (ally target), a friendly guardian golem (summoned)
and a friendly hound (summoned, sheltered).

Vanquished Creatures
  Terence (D:2)
  2 adders
  A white imp (D:4)
  An adder skeleton (D:2)
  A worm (D:2)
  3 dart slugs
  2 ball pythons
  An endoplasm (D:3)
  2 giant cockroaches (D:2)
  2 goblins (D:1)
  3 hobgoblins
  2 kobolds
  2 quokkas
  A bat (D:2)
  A frilled lizard (D:3)
  2 rats
27 creatures vanquished.

Vanquished Creatures (collateral kills)
  Sigmund (D:4)
  An ogre (D:4)
  A phantom (D:4)
  A scorpion zombie (D:4)
  3 gnolls (D:4)
  3 adders
  An adder skeleton (D:4)
  2 worms
  2 dart slugs (D:3)
  3 ball pythons (D:1)
  2 endoplasms
  2 giant cockroaches
  2 goblins
  A hobgoblin (D:1)
  A quokka (D:4)
  3 kobolds
  2 rats
31 creatures vanquished.

Vanquished Creatures (others)
  An iguana (D:4)
1 creature vanquished.

Grand Total: 59 creatures vanquished

Notes
Turn   | Place    | Note
-------+----------+-------------------------------------------
     0 | D:1      | themarg the Merfolk Summoner began the quest for the Orb.
     0 | D:1      | Reached XP level 1. HP: 13/13 MP: 3/3
   293 | D:1      | Reached XP level 2. HP: 19/19 MP: 5/5
   451 | D:1      | Found Soco's One-of-a-Kind Rings.
  1341 | D:2      | Reached XP level 3. HP: 24/24 MP: 6/6
  1394 | D:2      | Learned a level 3 spell: Call Canine Familiar
  1442 | D:2      | Reached skill level 1 in Short Blades
  1513 | D:2      | Noticed Terence
  1852 | D:2      | Killed Terence
  1853 | D:2      | Reached XP level 4. HP: 26/30 MP: 2/8
  1912 | D:2      | Learned a level 3 spell: Summon Guardian Golem
  2779 | D:3      | Identified the +1 dagger of the Chopping Seeker {speed, rC+
                  | rN+ Dex+6}
  3055 | D:3      | Found a faded altar of an unknown god.
  3123 | D:4      | Noticed Sigmund
  3281 | D:4      | Reached XP level 5. HP: 15/35 MP: 9/9
  3629 | D:4      | Killed Sigmund
  3630 | D:4      | Reached skill level 1 in Polearms
  3630 | D:4      | Reached skill level 5 in Summonings
  3630 | D:4      | Reached XP level 6. HP: 24/42 MP: 11/11
  4005 | D:4      | Found a shadowy altar of Dithmenos.
  4068 | D:4      | Reached skill level 1 in Fighting
  4370 | D:4      | Reached XP level 7. HP: 27/48 MP: 12/12
  4628 | D:4      | Found a basalt altar of Yredelemnul.
  4921 | D:4      | Found a sacrificial altar of Ru.
  5055 | D:5      | Entered Level 5 of the Dungeon
  5055 | D:5      | Noticed Eustachio
  5280 | D:4      | Learned a level 4 spell: Summon Lightning Spire
  5757 | D:5      | Slain by an ice beast

Illustrated notes

Levels and vault maps discovered:
D:1:      dpeg_arrival_fog, layout_basic, nicolae_shop_unique_rings,
          corexii_item_surrounded_by_moat, kennysheep_flooded_box
D:2:      layout_basic, chequers_serial_rivers_room_b, uniq_terence
D:3:      layout_basic, basic_ecumenical_altar
D:4:      layout_loops_ring, nicolae_overflow_crystal_walls,
          lemuel_crystal_altar, nicolae_ru_path_of_blood,
          nicolae_elevator_lobby_plus, uniq_sigmund
D:5:      minmay_thinvault, layout_loops_ring,
          grunt_temple_overflow_order_and_chaos_1, minivault_14, uniq_eustachio,
          uniq_crazy_yiuf_cottage, uniq_grinder

Skill      XL: |  1  2  3  4  5  6  7 |
---------------+----------------------+-----
Short Blades   | 1 2 |  2.1
Spellcasting   | 3 4 |  4.3
Stealth        | 3 4 |  4.0
Polearms       | 1 2 |  2.5
Dodging        | 3 |  3.8
Summonings     | 5 |  5.4
Fighting       | 1 |  1.2
Hexes          | |  0.6

Action                   |  1- 3 |  4- 6 |  7- 9 || total
-------------------------+-------+-------+-------++-------
Melee: Dagger            |     1 |     5 |       ||     6
       Short sword       |    39 |     9 |       ||    48
       Spear             |       |    87 |    20 ||   107
 Cast: Summon Small Mamm |    30 |     2 |       ||    32
       Call Canine Famil |     4 |    16 |     8 ||    28
       Summon Guardian G |       |     6 |     4 ||    10
  Use: Potion            |     1 |       |       ||     1
       Scroll            |       |       |     3 ||     3
 Stab: Sleeping          |     2 |     5 |       ||     7
       Distracted        |       |     1 |       ||     1
Armor: Robe              |     4 |    17 |     5 ||    26
Dodge: Dodged            |    25 |    41 |    16 ||    82
